 Dungeon Crawl Stone Soup version 0.18.1-1-g2f07953 (webtiles) character file.

49 Locuples the Sneak (level 4, 0/29 HPs)
             Began as a Halfling Assassin on May 6, 2016.
             Slain by a gnoll
             ... wielding a +0 whip
              (5 damage)
             ... on level 2 of the Dungeon.
             The game lasted 00:03:30 (1262 turns).

Locuples the Sneak (Halfling Assassin)              Turns: 1262, Time: 00:03:30

Health: 0/29       AC:  3    Str: 11    XL:     4   Next: 1%
Magic:  4/4        EV: 13    Int: 10    God:
Gold:   69         SH:  6    Dex: 16    Spells: 0 memorised, 3 levels left

rFire  . . .     SeeInvis .     a - +2 dagger
rCold  . . .     Gourm    .     c - +0 robe
rNeg   . . .     Faith    .     o - +2 buckler {reflect}
rPois  .         Spirit   .     (no helmet)
rElec  .         Dismiss  .     d - +0 cloak
rCorr  .         Reflect  +     (no gloves)
SustAt .         Harm     .     (no boots)
MR     .....                    (no amulet)
Stlth  ++++......               (no ring)
                                (no ring)

@: not resistant to hostile enchantments, stealthy
A: mutation resistance 1
a: no special abilities


You were on level 2 of the Dungeon.
You were not hungry.

You visited 1 branch of the dungeon, and saw 2 of its levels.

You collected 69 gold pieces.

Inventory:

Hand Weapons
 a - a +2 dagger (weapon)
 b - a +0 blowgun
Missiles
 e - 8 poisoned needles
 f - 2 curare-tipped needles
Armour
 c - a +0 robe (worn)
 d - a +0 cloak (worn)
 o - a +2 buckler of reflection (worn)
Jewellery
 u - an uncursed ring of see invisible {unknown}
Scrolls
 l - 2 scrolls of amnesia {unknown}
 p - a scroll of random uselessness {unknown}
 q - a scroll of enchant weapon {unknown}
 s - a scroll of blinking {unknown}
 t - a scroll of remove curse {unknown}
 v - a scroll of recharging {unknown}
 w - a scroll of noise {unknown}
Potions
 h - a potion of berserk rage
 j - a potion of might {unknown}
 m - a potion of invisibility {unknown}
 n - a potion of cancellation {unknown}
 r - a potion of resistance {unknown}
Comestibles
 i - 3 fruits
 k - a royal jelly


   Skills:
 - Level 1.7 Fighting
 - Level 2.6 Short Blades
 - Level 2.1 Throwing
 - Level 1.1 Dodging
 + Level 6.1 Stealth


You had 3 spell levels left.
You didn't know any spells.

Dungeon Overview and Level Annotations

Branches:
Dungeon (2/15)

Altars:
Okawaru


Innate Abilities, Weirdness & Mutations

You are small and have problems with some larger weapons.
You are somewhat resistant to further mutation.


Message History

The gnoll is lightly wounded.
The gnoll closely misses you. You block the gnoll's attack.
You hit the gnoll.
The gnoll is moderately wounded.
You block the gnoll's attack.
You hit the gnoll but do no damage.
The gnoll is moderately wounded.
The gnoll hits you from afar with a spear.
* * * LOW HITPOINT WARNING * * *
The gnoll closely misses you.
Drink which item? (? for menu, Esc to quit)
It was a potion of berserk rage.
You're too hungry to go berserk.
The gnoll closely misses you. You block the gnoll's attack.
Drink which item? (? for menu, Esc to quit)
Okay, then.
Eat which item? (? for menu, Esc to quit)
You block the gnoll's attack.
You continue eating.
The gnoll barely misses you. The gnoll hits you with a whip.
You die...

#.#...###....#.#
#.#....#...#.#.#
#.#.#.....##.#.#
#.#....†.###.#.#
#.######## #.#.#
#.##########.#.#
#............#.#
#.##############.#
#.%.gg@....# #.#
##########.# #.#
#.# #.# #.#####.#
#.......#
#.####### ###


You could see 2 gnolls.

Vanquished Creatures
  A gnoll (D:2)
  An adder (D:2)
  A dart slug (D:1)
  A giant gecko (D:1)
  3 giant cockroaches (D:1)
  2 goblins (D:1)
  3 hobgoblins (D:1)
  3 jackals (D:1)
  3 kobolds (D:1)
  A ball python (D:1)
  3 bats (D:1)
  A giant newt (D:1)
  3 rats (D:1)
26 creatures vanquished.

Notes
Turn   | Place    | Note
--------------------------------------------------------------
     0 | D:1      | Locuples the Halfling Assassin began the quest for the Orb.
     0 | D:1      | Reached XP level 1. HP: 14/14 MP: 1/1
    61 | D:1      | Reached XP level 2. HP: 16/19 MP: 2/2
    67 | D:1      | Reached skill level 5 in Stealth
   690 | D:1      | Reached XP level 3. HP: 24/24 MP: 3/3
  1170 | D:2      | Found an iron altar of Okawaru.
  1255 | D:2      | Reached skill level 6 in Stealth
  1255 | D:2      | Reached XP level 4. HP: 9/29 MP: 4/4
  1262 | D:2      | Slain by a gnoll

Skill      XL: |  1  2  3 |
---------------+----------+-----
Stealth        | 5 6 |  6.1
Fighting       | |  1.7
Short Blades   | |  2.6
Throwing       | |  2.1
Dodging        | |  1.1

Action                   |  1- 3 |  4- 6 || total
-------------------------+-------+-------++-------
Melee: Dagger            |    89 |     3 ||    92
  Use: Potion            |       |     1 ||     1
 Stab: Sleeping          |     9 |       ||     9
  Eat: Bread ration      |       |     1 ||     1
Armor: Robe              |     9 |       ||     9
Dodge: Dodged            |    68 |     4 ||    72
Block: Buckler           |     4 |     4 ||     8
